[ AOE2 MATCH · #470246788 ]
UnrankedRomans vs Sicilians
Player's team · WIN
[ REPLAY ANALYSIS · EXTRACTED FROM THE RECORDED GAME ]
Feudal
13:07
Castle
19:14
Imperial
42:55
| APM avg | 23.0 |
| APM peak | 54 |
| eAPM avg | 15.7 |
| Villagers / military | 104 / 70 |
Focus
⚔️ 28.3% · 🌾 71.7%
Knight ×34 · Fishing Ship ×14 · Galley ×12 · Trebuchet (Packed) ×9 · Unknown (2626) ×7 · Fire Galley ×6
Feudal
13:00
Castle
25:35
Imperial
—
| APM avg | 34.5 |
| APM peak | 107 |
| eAPM avg | 25.7 |
| Villagers / military | 158 / 69 |
Focus
⚔️ 33.2% · 🌾 66.8%
Serjeant ×46 · Fishing Ship ×42 · Galley ×11 · Spearman ×6 · Fire Galley ×6
Match map
Initial resources + every placement click. Lines = walls · curves = elevation contours. ◆ gold · ⬟ stone · ● berries · ✦ relic · ◌ wall gap
Your base· Open — unwalled flank
Zakk El Rabdomante's base· Open — 7t gap
Smoothed initial terrain · ◌ = detected wall gap · hover for details
Inputs per minute
— Fujichan - - Zakk El Rabdomante
Build order — Fujichan
First 150 of 315 actions detected
| 0:48 | Build | Town Center |
| 1:08 | Build | Dock |
| 1:10 | Build | House |
| 1:11 | Build | House |
| 2:51 | Create | Villager (Male) |
| 2:52 | Create | Villager (Male) |
| 2:52 | Create | Villager (Male) |
| 2:53 | Create | Villager (Male) |
| 2:53 | Create | Villager (Male) |
| 4:18 | Create | Fishing Ship |
| 4:18 | Create | Fishing Ship |
| 4:38 | Create | Villager (Male) |
| 4:39 | Create | Villager (Male) |
| 4:59 | Create | Fishing Ship |
| 5:00 | Create | Fishing Ship |
| 5:05 | Research | Loom |
| 5:18 | Create | Villager (Male) |
| 5:31 | Build | House |
| 5:47 | Create | Villager (Male) |
| 6:21 | Create | Fishing Ship |
| 6:22 | Create | Fishing Ship |
| 6:22 | Create | Villager (Male) |
| 6:22 | Create | Villager (Male) |
| 6:41 | Create | Villager (Male) |
| 6:41 | Create | Villager (Male) |
| 6:57 | Build | House |
| 6:59 | Create | Villager (Male) |
| 6:59 | Create | Villager (Male) |
| 7:17 | Create | Villager (Male) |
| 7:36 | Create | Fishing Ship |
| 7:36 | Create | Fishing Ship |
| 7:50 | Create | Villager (Male) |
| 7:51 | Create | Villager (Male) |
| 8:47 | Create | Villager (Male) |
| 8:48 | Create | Villager (Male) |
| 8:48 | Create | Villager (Male) |
| 8:56 | Build | Mill |
| 9:19 | Create | Villager (Male) |
| 9:19 | Create | Villager (Male) |
| 9:19 | Create | Villager (Male) |
| 9:19 | Create | Villager (Male) |
| 9:34 | Build | House |
| 9:45 | Create | Villager (Male) |
| 10:22 | Create | Fishing Ship |
| 10:23 | Create | Fishing Ship |
| 10:25 | Create | Villager (Male) |
| 10:56 | Research | Feudal Age |
| 12:05 | Build | Dock |
| 12:10 | Build | House |
| 12:11 | Build | House |
| 13:07 | Age | Feudal Age |
| 13:12 | Create | Galley |
| 13:12 | Create | Galley |
| 13:14 | Create | Villager (Male) |
| 13:14 | Create | Villager (Male) |
| 13:15 | Create | Villager (Male) |
| 13:40 | Create | Galley |
| 13:54 | Create | Villager (Male) |
| 13:54 | Create | Villager (Male) |
| 14:20 | Create | Galley |
| 14:20 | Create | Galley |
| 14:26 | Create | Villager (Male) |
| 15:06 | Create | Villager (Male) |
| 15:06 | Create | Villager (Male) |
| 15:20 | Build | Blacksmith |
| 15:40 | Create | Villager (Male) |
| 15:57 | Build | Market |
| 16:15 | Research | Fletching |
| 16:23 | Build | House |
| 16:25 | Build | House |
| 16:33 | Research | Castle Age |
| 16:33 | Research | Castle Age |
| 16:52 | Create | Fire Galley |
| 17:18 | Create | Unit 2626 |
| 17:24 | Create | Villager (Male) |
| 17:24 | Create | Villager (Male) |
| 17:30 | Build | Farm |
| 17:31 | Build | Farm |
| 17:32 | Build | Farm |
| 17:33 | Build | Farm |
| 17:35 | Build | Farm |
| 18:06 | Create | Unit 2626 |
| 18:06 | Create | Unit 2626 |
| 18:28 | Build | Farm |
| 18:29 | Build | Farm |
| 18:30 | Build | Farm |
| 18:38 | Build | Barracks |
| 18:43 | Research | Scale Barding Armor |
| 18:43 | Research | Forging |
| 19:14 | Age | Castle Age |
| 19:24 | Create | Unit 2626 |
| 19:24 | Create | Unit 2626 |
| 19:24 | Create | Villager (Male) |
| 19:25 | Create | Villager (Male) |
| 19:30 | Build | Stable |
| 19:58 | Build | Watch Tower |
| 20:07 | Build | Lumber Camp |
| 20:10 | Create | Knight |
| 20:10 | Create | Knight |
| 21:25 | Create | Knight |
| 21:25 | Create | Knight |
| 21:49 | Create | Scout Cavalry |
| 21:50 | Create | Villager (Male) |
| 21:51 | Create | Villager (Male) |
| 21:51 | Create | Villager (Male) |
| 22:02 | Create | Unit 2626 |
| 22:02 | Create | Unit 2626 |
| 22:23 | Create | Scout Cavalry |
| 22:38 | Create | Knight |
| 22:38 | Create | Knight |
| 22:48 | Build | Farm |
| 22:50 | Build | Farm |
| 22:50 | Build | Farm |
| 22:51 | Build | Farm |
| 23:09 | Research | Bodkin Arrow |
| 23:22 | Create | Knight |
| 23:23 | Create | Knight |
| 23:23 | Create | Knight |
| 24:06 | Create | Knight |
| 24:06 | Create | Knight |
| 24:10 | Research | Wheelbarrow |
| 24:10 | Create | Villager (Male) |
| 24:21 | Build | House |
| 24:23 | Build | House |
| 24:26 | Build | House |
| 24:27 | Build | House |
| 24:28 | Build | House |
| 24:29 | Build | House |
| 25:12 | Build | Lumber Camp |
| 25:27 | Build | Town Center |
| 26:31 | Create | Fire Galley |
| 26:32 | Create | Fire Galley |
| 26:32 | Create | Villager (Male) |
| 26:32 | Create | Villager (Male) |
| 26:33 | Create | Villager (Male) |
| 26:33 | Create | Villager (Male) |
| 27:18 | Create | Knight |
| 27:18 | Create | Knight |
| 27:19 | Create | Knight |
| 27:19 | Create | Knight |
| 27:33 | Build | Town Center |
| 27:48 | Create | Galley |
| 27:48 | Create | Galley |
| 27:54 | Build | House |
| 27:56 | Create | Villager (Male) |
| 27:56 | Create | Villager (Male) |
| 27:56 | Create | Villager (Male) |
| 27:56 | Create | Villager (Male) |
| 27:56 | Create | Villager (Male) |
| 27:57 | Create | Villager (Male) |
Build order — Zakk El Rabdomante
First 150 of 390 actions detected
| 0:29 | Build | Town Center |
| 0:45 | Build | Dock |
| 1:10 | Build | House |
| 1:18 | Build | House |
| 2:35 | Create | Villager (Male) |
| 2:35 | Create | Villager (Male) |
| 2:35 | Create | Villager (Male) |
| 2:36 | Create | Villager (Male) |
| 2:36 | Create | Villager (Male) |
| 3:33 | Create | Villager (Male) |
| 3:33 | Create | Villager (Male) |
| 3:33 | Create | Villager (Male) |
| 3:39 | Build | House |
| 4:45 | Create | Villager (Male) |
| 4:57 | Create | Villager (Male) |
| 4:58 | Create | Villager (Male) |
| 5:18 | Create | Fishing Ship |
| 5:18 | Create | Fishing Ship |
| 5:18 | Create | Fishing Ship |
| 5:40 | Create | Villager (Male) |
| 5:40 | Create | Villager (Male) |
| 5:40 | Create | Villager (Male) |
| 6:00 | Create | Fishing Ship |
| 6:22 | Build | House |
| 6:32 | Create | Villager (Male) |
| 6:32 | Create | Villager (Male) |
| 6:33 | Create | Villager (Male) |
| 7:02 | Create | Fishing Ship |
| 7:02 | Create | Fishing Ship |
| 7:02 | Create | Fishing Ship |
| 7:09 | Create | Villager (Male) |
| 7:09 | Create | Villager (Male) |
| 7:32 | Create | Fishing Ship |
| 8:02 | Research | Loom |
| 8:02 | Create | Villager (Male) |
| 8:16 | Create | Fishing Ship |
| 8:27 | Build | House |
| 8:44 | Build | House |
| 8:46 | Create | Villager (Male) |
| 9:05 | Build | House |
| 9:10 | Build | House |
| 9:40 | Create | Fishing Ship |
| 9:40 | Create | Fishing Ship |
| 10:00 | Create | Villager (Male) |
| 10:23 | Build | Lumber Camp |
| 10:25 | Create | Villager (Male) |
| 10:40 | Research | Feudal Age |
| 10:54 | Create | Fishing Ship |
| 11:29 | Create | Fishing Ship |
| 12:14 | Create | Fishing Ship |
| 12:36 | Build | Dock |
| 12:40 | Build | House |
| 12:46 | Create | Villager (Male) |
| 12:50 | Create | Fishing Ship |
| 13:00 | Age | Feudal Age |
| 13:11 | Create | Fishing Ship |
| 13:12 | Create | Fishing Ship |
| 13:18 | Research | Double-Bit Axe |
| 13:31 | Create | Villager (Male) |
| 13:39 | Build | Donjon |
| 13:47 | Create | Villager (Male) |
| 13:52 | Create | Fishing Ship |
| 13:52 | Create | Fishing Ship |
| 14:20 | Build | Blacksmith |
| 14:22 | Create | Villager (Male) |
| 14:32 | Create | Fishing Ship |
| 14:43 | Create | Villager (Male) |
| 14:49 | Create | Fishing Ship |
| 14:49 | Create | Fishing Ship |
| 15:03 | Build | Mining Camp |
| 15:09 | Create | Villager (Male) |
| 15:22 | Build | House |
| 15:38 | Create | Villager (Male) |
| 15:43 | Build | House |
| 15:46 | Research | Fletching |
| 15:51 | Research | Wheelbarrow |
| 15:56 | Build | House |
| 16:38 | Create | Fire Galley |
| 16:38 | Create | Fire Galley |
| 16:40 | Create | Fire Galley |
| 16:40 | Create | Fire Galley |
| 16:56 | Build | House |
| 17:20 | Create | Villager (Male) |
| 17:59 | Create | Fire Galley |
| 17:59 | Create | Fire Galley |
| 18:04 | Create | Villager (Male) |
| 18:07 | Create | Serjeant |
| 18:08 | Create | Serjeant |
| 18:08 | Create | Serjeant |
| 18:08 | Create | Serjeant |
| 18:14 | Build | Mill |
| 18:16 | Create | Villager (Male) |
| 18:29 | Build | Dock |
| 18:40 | Create | Villager (Male) |
| 19:03 | Create | Galley |
| 19:04 | Create | Galley |
| 19:05 | Create | Villager (Male) |
| 19:09 | Create | Villager (Male) |
| 19:17 | Research | Scale Mail Armor |
| 19:20 | Create | Serjeant |
| 19:21 | Create | Villager (Male) |
| 19:32 | Create | Fishing Ship |
| 19:32 | Create | Fishing Ship |
| 19:34 | Create | Villager (Male) |
| 19:45 | Build | Donjon |
| 19:49 | Build | House |
| 19:52 | Create | Villager (Male) |
| 19:59 | Build | House |
| 20:03 | Create | Serjeant |
| 20:31 | Build | House |
| 20:58 | Create | Serjeant |
| 20:59 | Create | Serjeant |
| 21:00 | Create | Spearman |
| 21:00 | Create | Spearman |
| 21:04 | Build | House |
| 21:24 | Build | Market |
| 21:33 | Build | Palisade Gate |
| 21:35 | Build | House |
| 21:40 | Build | House |
| 21:43 | Build | Palisade Wall |
| 21:44 | Build | Palisade Wall |
| 21:48 | Build | Palisade Wall |
| 21:51 | Build | Palisade Gate |
| 22:07 | Create | Villager (Male) |
| 22:39 | Build | Palisade Wall |
| 22:43 | Build | House |
| 22:44 | Create | Fishing Ship |
| 22:55 | Research | Castle Age |
| 23:13 | Build | Donjon |
| 23:17 | Create | Villager (Male) |
| 23:17 | Create | Villager (Male) |
| 23:17 | Create | Villager (Male) |
| 23:19 | Build | House |
| 23:31 | Create | Fishing Ship |
| 24:16 | Create | Fishing Ship |
| 24:16 | Create | Fishing Ship |
| 24:17 | Create | Fishing Ship |
| 24:22 | Build | Palisade Wall |
| 24:50 | Create | Spearman |
| 24:50 | Create | Spearman |
| 24:51 | Create | Spearman |
| 24:51 | Create | Spearman |
| 25:35 | Age | Castle Age |
| 25:36 | Build | Palisade Wall |
| 25:54 | Build | Castle |
| 25:56 | Create | Villager (Male) |
| 26:07 | Create | Fishing Ship |
| 26:08 | Create | Fishing Ship |
| 26:08 | Create | Fishing Ship |
| 26:21 | Build | House |
Match timeline
| 0:45 | Zakk El Rabdomante · first_building Dock |
| 1:08 | Fujichan · first_building Dock |
| 13:00 | Zakk El Rabdomante · age_up feudal |
| 13:07 | Fujichan · age_up feudal |
| 13:39 | Zakk El Rabdomante · first_building Donjon |
| 18:38 | Fujichan · first_building Barracks |
| 19:14 | Fujichan · age_up castle |
| 19:30 | Fujichan · first_building Stable |
| 21:43 | Zakk El Rabdomante · wall_segment Palisade Wall x1 |
| 21:44 | Zakk El Rabdomante · wall_segment Palisade Wall x1 |
| 21:48 | Zakk El Rabdomante · wall_segment Palisade Wall x1 |
| 22:18 | Zakk El Rabdomante · first_market_buy 100 food |
| 22:39 | Zakk El Rabdomante · wall_segment Palisade Wall x5 |
| 22:50 | Zakk El Rabdomante · first_market_sell 100 stone |
| 23:08 | Fujichan · first_market_sell 100 food |
| 24:22 | Zakk El Rabdomante · wall_segment Palisade Wall x5 |
| 25:18 | Fujichan · first_market_buy 100 stone |
| 25:35 | Zakk El Rabdomante · age_up castle |
| 25:36 | Zakk El Rabdomante · wall_segment Palisade Wall x1 |
| 25:54 | Zakk El Rabdomante · first_building Castle |
| 26:24 | Zakk El Rabdomante · wall_segment Palisade Wall x10 |
| 26:41 | Zakk El Rabdomante · wall_segment Palisade Wall x1 |
| 30:06 | Fujichan · first_building Monastery |
| 30:32 | Fujichan · first_building Castle |
| 31:38 | Zakk El Rabdomante · first_building Monastery |
| 31:41 | Zakk El Rabdomante · first_building Barracks |
| 41:01 | Zakk El Rabdomante · wall_segment Stone Wall x1 |
| 42:55 | Fujichan · age_up imperial |
| 43:34 | Fujichan · wall_segment Stone Wall x5 |
| 45:45 | Zakk El Rabdomante · wall_segment Stone Wall x1 |
| 48:26 | Zakk El Rabdomante · wall_segment Stone Wall x4 |
| 49:35 | Zakk El Rabdomante · resign |
[ AI ANALYSIS · 1 CREDIT ]
What really happened in this match?
Wolo.gg analyzes every decision: build order, eco, micro, common mistakes by bracket. Personalized analysis on WhatsApp or Discord in 30 seconds.
Civ guide
Romans
Perfil
Jugador #962806